 Dungeon Crawl Stone Soup version 0.23-a0-290-g290e36d (webtiles) character file.

44 Faust the Vexing (level 3, 0/14 HPs)
             Began as a Felid Enchanter on Oct 2, 2018.
             Slain by a worm (3 damage)
             ... on level 1 of the Dungeon on Oct 3, 2018.
             The game lasted 00:20:47 (3235 turns).

Faust the Vexing (Felid Enchanter)                  Turns: 3235, Time: 00:20:48

Health: 0/14       AC:  1    Str:  4    XL:     3   Next: 41%
Magic:  5/7        EV: 18    Int: 17    God:
Gold:   63         SH:  0    Dex: 16    Spells: 0/6 levels left
                                        Lives:  0   Deaths: 0

rFire    . . .     SeeInvis +     - Unarmed
rCold    . . .     Gourm    .   (shield unavailable)
rNeg     . . .     Faith    .   (armour unavailable)
rPois    .         Spirit   .   (helmet unavailable)
rElec    .         Reflect  .   (cloak unavailable)
rCorr    .         Harm     .   (gloves unavailable)
MR       .....                  (boots unavailable)
Stlth    +++.......             (no amulet)
HPRegen  0.04/turn              (no ring)
MPRegen  0.10/turn              (no ring)

@: quick
A: very small, no armour, no weapons or thrown items, stealth, claws 1, fangs 3,
see invisible, carnivore, speed 1, shaggy fur 1, slow metabolism 1, sharp paws
a: no special abilities


You were on level 1 of the Dungeon.
You were full.

You visited 1 branch of the dungeon, and saw 2 of its levels.

You collected 63 gold pieces.

Inventory:

Scrolls
 f - a scroll of teleportation
Potions
 a - 4 potions of curing
 e - a potion of flight
Comestibles
 b - 3 rations


   Skills:
 + Level 2.9 Dodging
 + Level 4.9 Stealth
 + Level 1.4 Unarmed Combat
 + Level 2.2 Spellcasting
 + Level 5.0 Hexes
 + Level 0.3 Ice Magic


You couldn't memorise any spells.
You knew the following spells:

 Your Spells              Type           Power        Failure   Level  Hunger
a - Corona                Hex            ###....      2%          1    #......
b - Ensorcelled Hibernat  Hex/Ice        ##....       10%         2    ###....
c - Tukima's Dance        Hex            ###.....     7%          3    ###....

Your spell library contained the following spells:

 Spells                   Type           Power        Failure   Level  Hunger
 Confuse                  Hex            ###.....     7%          3    ###....
 Dazzling Spray           Conj/Hex       ##....       21%         3    ###....


Dungeon Overview and Level Annotations

Branches:
Dungeon (2/15)

Altars:


Innate Abilities, Weirdness & Mutations

You cannot wear armour.
You are incapable of wielding weapons or throwing items.
Your paws allow you to move quietly. (Stealth)
You have sharp claws.
You have razor-sharp teeth.
You have supernaturally acute eyesight. (SInv)
You are carnivorous and can eat meat at any time.
You cover ground quickly.
You are covered in fur. (AC +1)
You have a slow metabolism.
Your sharp claws are effective at attacking unaware monsters.


Message History

You see here a hobgoblin corpse.
There is a stone staircase leading down here.
As you read the scroll of identify, it crumbles to dust.
d - a potion of degeneration
As you read the scroll of identify, it crumbles to dust.
e - a potion of flight You drop a potion of degeneration.
There is a stone staircase leading down here.
You see here a potion of degeneration.
You climb downwards.
The dart slug launches a dart at you. The slug dart hits you!
* * * LOW HITPOINT WARNING * * *
The worm closely misses you.
There is a stone staircase leading up here.
You climb upwards.
There is a stone staircase leading down here.
You see here a potion of degeneration.
The worm bites you.
You die...

#.# #.#.#....#........
#.# #.#.#......#######
#.# #.#.####.#########
#.#####.#....#..........
#.....#.####.#######....
#####.#.####.######.....
#.#.................
#.#.####.######.....
#.#@####.######.....
#.#>w.........†.....
#.######.##...(...##
#.######.##.......#
#.........#.......#
#####.....#....(..#
#.....#.......#
##'#.##...(...#
#.#.##.......#


You could see a worm.

Vanquished Creatures
  An adder (D:2)
  An ooze (D:1)
  A leopard gecko (D:1)
  2 giant cockroaches
  4 goblins
  7 hobgoblins
  A jackal (D:1)
  5 kobolds (D:1)
  A ball python (D:1)
  2 frilled lizards (D:1)
  2 rats
27 creatures vanquished.

Notes
Turn   | Place    | Note
-------+----------+-------------------------------------------
     0 | D:1      | Faust the Felid Enchanter began the quest for the Orb.
     0 | D:1      | Reached XP level 1. HP: 7/7 MP: 4/4
   481 | D:1      | Upgraded the game from 0.23-a0-278-g5ee874d to
                  | 0.23-a0-290-g290e36d
   627 | D:1      | Reached XP level 2. HP: 11/11 MP: 4/6
   645 | D:1      | Learned a level 2 spell: Ensorcelled Hibernation
  2476 | D:2      | Reached XP level 3. HP: 14/14 MP: 4/7
  2481 | D:2      | Learned a level 3 spell: Tukima's Dance
  2508 | D:2      | Reached skill level 5 in Hexes
  3235 | D:1      | Slain by a worm

Vault maps used:
D:1:      dpeg_arrival_rooms_with_view
D:2:      evilmike_ruin_ashenzari, uniq_crazy_yiuf_cottage

Skill      XL: |  1  2  3 |
---------------+----------+-----
Hexes          | 5 |  5.0
Dodging        | |  2.9
Stealth        | |  4.9
Unarmed Combat | |  1.4
Spellcasting   | |  2.2
Ice Magic      | |  0.3

Action                   || total
-------------------------++-------
Melee: Unarmed           ||    81
       Bite              ||     8
 Cast: Corona            ||    14
       Ensorcelled Hiber ||    26
       Tukima's Dance    ||     1
  Use: Scroll            ||     7
 Stab: Sleeping          ||    17
  Eat: Chunk             ||    11
Armor: Skin              ||     5
Dodge: Dodged            ||    75

Table legend:
 A = Non-vault XP
 B = Vault XP
 C = Vault XP percentage of total XP
 D = Non-vault monster count
 E = Vault monster count
 F = Vault count percentage of total count
                 A         B        C        D         E       F
            +---------+---------+-------+---------+---------+-------
      Total |      55 |       9 |  14.1 |      25 |       2 |   7.4
            +---------+---------+-------+---------+---------+-------
        D:1 |      35 |       9 |  20.5 |      20 |       2 |   9.1
        D:2 |      20 |       0 |   0.0 |       5 |       0 |   0.0
            +---------+---------+-------+---------+---------+-------
